Heat vs Penguins
Created - April 27, 2022 at 19:15
Goals
|
| Heat |
2 |
1 |
4 |
7 |
| Penguins |
1 |
3 |
2 |
6 |
|
Shots
|
| Heat |
13 |
12 |
10 |
35 |
| Penguins |
12 |
9 |
12 |
33 |
|
1st period
1. Heat , Mathieu Brodeur 7 (Matthew Nieto 36, Kevin Labanc 52) at 1:34
2. Heat , Evgeny Svechnikov 17 (Victor Rask 46) at 2:29
3. Penguins , Kyle Connor 26 (Iven Barbashev 11, Danny Biega 15) at 16:43
Penalties :
Roope Hintz (Wil) for Hooking (Minor) at 18:19
2nd period
4. Heat , Matthew Nieto 36 (Rasmus Andersson 30) at 0:32
5. Penguins , Christopher Tanev 4 (Andrew O'Brien 23) at 9:35
6. Penguins , Curtis Hamilton 1 (Anthony Beauvillier 12, Dakota Mermis 25) at 11:23
7. Penguins , Josh Jooris 34 (William Nylander 37, Roope Hintz 30) at 17:57
Penalties :
Jake DeBrusk (Sto) for High sticking (Minor) at 3:16, William Nylander (Wil) for Hooking (Minor) at 3:25, Cedric Paquette (Wil) for Holding (Minor) at 6:29, Andrew O'Brien (Wil) for Hooking (Minor) at 6:46, Gavin Bayreuther (Wil) for Holding (Minor) at 11:38, Roope Hintz (Wil) for Goalie Interference (Minor) at 15:48, Cedric Paquette (Wil) for Hooking (Minor) at 18:38
3rd period
8. Penguins , Josh Jooris 35 (Roope Hintz 31) at 6:26
9. Heat , Rasmus Andersson 5 (Matthew Nieto 37, Kevin Labanc 53) at 7:36
10. Heat , Kevin Labanc 36 (Rasmus Andersson 31, Philip Varone 28) at 7:44
11. Heat , Victor Rask 24 (Jake DeBrusk 25, Rasmus Andersson 32) at 10:51
12. Heat , Victor Rask 25 (Dominik Masin 1, Jake DeBrusk 26) at 12:58
13. Penguins , Roope Hintz 17 (Josh Jooris 37, William Nylander 38) at 13:11
Penalties :
Jesper Bratt (Sto) for Hooking (Minor) at 1:23, Peter Cehlarik (Sto) for High sticking (Minor) at 18:25, Josh Jooris (Wil) for Roughing (Minor) at 19:16
Goalie Stats
Nathan Lieuwen (Sto), 19 saves from 24 shots - (0.792), 46:26 minutes
Vitek Vanecek (Sto), 8 saves from 9 shots - (0.889), W, 1-2-0, 13:34 minutes
Anthony Stolarz (Wil), 28 saves from 35 shots - (0.800), L, 6-11-0, 59:29 minutes
Players Stats for Heat
Player Name G A P +/- PIM S H SB GA TA FO MP PP MP PK MP
------------------------------------------------------------------------------------
Barclay Goodrow 0 0 0 0 0 1 1 1 0 1 1/1 10:57 0:05 0:00
Dominik Masin 0 1 1 0 0 2 1 0 0 0 0/0 19:08 3:55 0:50
Eric Karlsson 0 0 0 -1 0 3 0 0 0 0 0/0 6:47 0:00 0:34
Evgeny Svechnikov 1 0 1 1 0 3 1 2 0 0 0/0 15:52 4:10 0:41
Greg Pateryn 0 0 0 0 0 2 2 1 0 0 0/0 19:08 3:55 0:50
Jake DeBrusk 0 2 2 1 2 1 1 1 0 1 0/1 17:01 4:19 1:35
Jesper Bratt 0 0 0 -1 2 0 0 0 0 0 0/1 6:12 0:00 0:00
John Gilmour 0 0 0 0 0 0 2 0 0 0 0/0 11:25 0:00 0:00
Kevin Labanc 1 2 3 1 0 2 2 0 3 0 2/4 22:11 5:57 0:00
Mathieu Brodeur 1 0 1 1 0 1 0 1 0 0 0/0 29:27 6:26 2:09
Matthew Nieto 1 2 3 1 0 6 1 0 1 3 2/3 23:53 5:57 0:00
Nico Sturm 0 0 0 -1 0 0 1 0 0 0 0/1 7:24 0:14 0:41
Peter Cehlarik 0 0 0 0 2 0 0 1 0 0 0/1 11:27 0:00 0:38
Philip Varone 0 1 1 0 0 1 1 0 0 2 18/32 21:48 4:10 1:44
Rasmus Andersson 1 3 4 1 0 2 5 0 1 1 0/0 29:27 6:26 2:09
Ryan Spooner 0 0 0 0 0 3 1 0 0 0 6/8 11:33 0:14 0:05
Trevor Carrick 0 0 0 0 0 1 1 0 0 0 0/0 11:25 0:00 0:00
Victor Rask 2 1 3 2 0 7 2 0 2 0 11/20 19:20 5:57 0:00
Players Stats for Penguins
Player Name G A P +/- PIM S H SB GA TA FO MP PP MP PK MP
------------------------------------------------------------------------------------
Adam Brooks 0 0 0 1 0 0 1 0 0 0 0/2 9:26 0:00 2:54
Andrew O'Brien 0 1 1 1 2 0 2 4 0 0 0/0 29:11 1:17 5:03
Andy Andreoff 0 0 0 -1 0 3 2 1 0 1 3/3 17:47 1:17 4:46
Anthony Beauvillier 0 1 1 1 0 0 0 0 0 0 0/0 5:38 0:00 0:00
Cedric Paquette 0 0 0 -1 4 2 2 0 1 1 7/14 17:09 1:17 3:18
Christopher Tanev 1 0 1 1 0 2 2 3 0 1 0/0 30:12 1:17 6:09
Curtis Hamilton 1 0 1 1 0 2 0 0 0 0 0/0 8:15 0:00 1:54
Dakota Mermis 0 1 1 -1 0 0 1 1 0 0 0/0 20:13 1:42 4:01
Danny Biega 0 1 1 -1 0 0 1 1 0 1 0/0 20:19 1:42 4:12
Frederick Gaudreau 0 0 0 0 0 0 2 0 0 0 2/2 12:11 0:00 0:45
Gavin Bayreuther 0 0 0 -1 2 0 0 0 1 1 0/0 10:41 0:00 0:54
Iven Barbashev 0 1 1 0 0 2 0 0 0 0 0/2 11:06 0:00 0:00
John Marino 0 0 0 -1 0 1 0 0 0 0 0/0 9:46 0:00 0:22
Josh Jooris 2 1 3 -1 2 5 3 0 2 1 0/3 16:59 1:41 0:00
Kyle Connor 1 0 1 0 0 7 0 0 1 0 0/0 11:21 0:00 0:15
Roope Hintz 1 2 3 -1 4 6 3 0 0 0 15/40 22:55 1:42 3:40
Vince Hinostroza 0 0 0 -1 0 3 0 0 1 0 1/2 12:25 1:17 0:00
William Nylander 0 2 2 -1 2 0 0 1 2 1 4/4 19:42 1:41 1:28
3 Stars
1 - Rasmus Andersson (Sto)
2 - Victor Rask (Sto)
3 - Kevin Labanc (Sto)
Power Play
Heat - 0 on 8 Attempt(s) - 0.00%
Penguins - 0 on 3 Attempt(s) - 0.00%
Penalty Kill
Heat - 3 on 3 Attempt(s) - 100.00%
- Score 0 goal in Penalty Kill
Penguins - 8 on 8 Attempt(s) - 100.00%
- Score 0 goal in Penalty Kill
Team Stat
Heat - Hits : 22 - Faceoff Wins : 40 - Blocked Shots : 7 - Penalty Minutes : 6
Penguins - Hits : 19 - Faceoff Wins : 32 - Blocked Shots : 11 - Penalty Minutes : 16
Official
Referees : Kevin Pollock and Dan Kelly
Linesman : Kory Nagy and Tony Sericolo
Game Notes
5:57 of 1st period - Penguins goal is going for a video replay. After video review, No Goal. The puck has been directed, batted or thrown into the net by an attacking player other than with a stick.
Vitek Vanecek enters game at 6:26 of 3rd period
Finance
Level 1 -- Attendance: 2000 (100.00%) -- Ticket Income $70,000
Level 2 -- Attendance: 1000 (100.00%) -- Ticket Income $15,000
Total Attendance: 3000 (100.00%)
Total Ticket Income: $85,000
Other Income: $4,250
Total Income: $89,250
Heat
5 vs 5 Forward
Center Left Wing Right Wing Time % Phy DF OF
1 Philip Varone Matthew Nieto Kevin Labanc 40 1 2 2
2 Victor Rask Jake DeBrusk Evgeny Svechnikov 30 1 2 2
3 Ryan Spooner Peter Cehlarik Barclay Goodrow 20 1 2 2
4 Nico Sturm Jesper Bratt Eric Karlsson 10 1 2 2
5 vs 5 Defense
Defense Defense Time % Phy DF OF
1 Mathieu Brodeur Rasmus Andersson 40 1 2 2
2 Dominik Masin Greg Pateryn 30 1 2 2
3 John Gilmour Trevor Carrick 20 1 2 2
4 Mathieu Brodeur Rasmus Andersson 10 1 2 2
PowerPlay Forward
Center Left Wing Right Wing Time % Phy DF OF
1 Victor Rask Matthew Nieto Kevin Labanc 60 1 2 2
2 Philip Varone Jake DeBrusk Evgeny Svechnikov 40 1 2 2
PowerPlay Defense
Defense Defense Time % Phy DF OF
1 Mathieu Brodeur Rasmus Andersson 60 1 2 2
2 Dominik Masin Greg Pateryn 40 1 2 2
Penalty Kill 4 Players Forward
Center Wing Time % Phy DF OF
1 Philip Varone Jake DeBrusk 60 1 2 2
2 Nico Sturm Evgeny Svechnikov 40 1 2 2
Penalty Kill 4 Players Defense
Defense Defense Time % Phy DF OF
1 Mathieu Brodeur Rasmus Andersson 60 1 2 2
2 Dominik Masin Greg Pateryn 40 1 2 2
Penalty Kill - 3 Players Forward
Forward Time % Phy DF OF
1 Matthew Nieto 60 1 2 2
2 Kevin Labanc 40 1 2 2
Penalty Kill - 3 Players Defense
Defense Defense Time % Phy DF OF
1 Mathieu Brodeur Rasmus Andersson 60 1 2 2
2 Dominik Masin Greg Pateryn 40 1 2 2
4 vs 4 Forward
Center Wing Time % Phy DF OF
1 Victor Rask Matthew Nieto 60 1 2 2
2 Philip Varone Kevin Labanc 40 1 2 2
4 vs 4 Defense
Defense Defense Time % Phy DF OF
1 Mathieu Brodeur Rasmus Andersson 60 1 2 2
2 Dominik Masin Greg Pateryn 40 1 2 2
Last Minutes Offensive
Center Left Wing Right Wing Defense Defense
Philip Varone Matthew Nieto Kevin Labanc Mathieu Brodeur Rasmus Andersson
Last Minutes Defensive
Center Left Wing Right Wing Defense Defense
Philip Varone Matthew Nieto Kevin Labanc Mathieu Brodeur Rasmus Andersson
Goaltenders
Starting : Nathan Lieuwen
Backup : Vitek Vanecek
Extra Forwards
Normal : Ryan Spooner, Nico Sturm, Peter Cehlarik - PP : Ryan Spooner, Nico Sturm - PK : Peter Cehlarik
Extra Defensemen
Normal : John Gilmour, Trevor Carrick, Dominik Masin - PP : John Gilmour - PK : Trevor Carrick, Dominik Masin
Penalty Shots
Matthew Nieto, Jake DeBrusk, Kevin Labanc, Evgeny Svechnikov, Victor Rask
Scratches
Alexander True (Healthy), Brandon Hickey (Healthy), Chris Brown (Healthy), Christian Jaros (Healthy), Frank Corrado (Healthy)
Petteri Lindbohm (Healthy), Ryan Donato (Healthy), Vladislav Kamenev (Healthy), Tage Thompson (Healthy), Radim Zohorna (Healthy)
Michael Hutchinson (Healthy), Collin Delia (Healthy)
Penguins
5 vs 5 Forward
Center Left Wing Right Wing Time % Phy DF OF
1 Roope Hintz William Nylander Josh Jooris 40 1 2 2
2 Cedric Paquette Andy Andreoff Vince Hinostroza 30 1 2 2
3 Frederick Gaudreau Kyle Connor Iven Barbashev 20 1 2 2
4 Adam Brooks Curtis Hamilton Anthony Beauvillier 10 1 2 2
5 vs 5 Defense
Defense Defense Time % Phy DF OF
1 Christopher Tanev Andrew O'Brien 40 1 2 2
2 Dakota Mermis Danny Biega 30 1 2 2
3 Gavin Bayreuther John Marino 20 1 2 2
4 Christopher Tanev Andrew O'Brien 10 1 2 2
PowerPlay Forward
Center Left Wing Right Wing Time % Phy DF OF
1 Roope Hintz William Nylander Josh Jooris 60 1 2 2
2 Cedric Paquette Andy Andreoff Vince Hinostroza 40 1 2 2
PowerPlay Defense
Defense Defense Time % Phy DF OF
1 Christopher Tanev Andrew O'Brien 60 1 2 2
2 Dakota Mermis Danny Biega 40 1 2 2
Penalty Kill 4 Players Forward
Center Wing Time % Phy DF OF
1 Roope Hintz Andy Andreoff 60 1 2 2
2 Cedric Paquette William Nylander 40 1 2 2
Penalty Kill 4 Players Defense
Defense Defense Time % Phy DF OF
1 Christopher Tanev Andrew O'Brien 60 1 2 2
2 Dakota Mermis Danny Biega 40 1 2 2
Penalty Kill - 3 Players Forward
Forward Time % Phy DF OF
1 Roope Hintz 60 1 2 2
2 Cedric Paquette 40 1 2 2
Penalty Kill - 3 Players Defense
Defense Defense Time % Phy DF OF
1 Christopher Tanev Andrew O'Brien 60 1 2 2
2 Dakota Mermis Danny Biega 40 1 2 2
4 vs 4 Forward
Center Wing Time % Phy DF OF
1 Roope Hintz William Nylander 60 1 2 2
2 Cedric Paquette Vince Hinostroza 40 1 2 2
4 vs 4 Defense
Defense Defense Time % Phy DF OF
1 Christopher Tanev Andrew O'Brien 60 1 2 2
2 Dakota Mermis Danny Biega 40 1 2 2
Last Minutes Offensive
Center Left Wing Right Wing Defense Defense
Roope Hintz Andy Andreoff Josh Jooris Christopher Tanev Andrew O'Brien
Last Minutes Defensive
Center Left Wing Right Wing Defense Defense
Roope Hintz Andy Andreoff Josh Jooris Christopher Tanev Andrew O'Brien
Goaltenders
Starting : Anthony Stolarz
Backup : Connor Hellebyuk
Extra Forwards
Normal : Roope Hintz, Cedric Paquette, Frederick Gaudreau - PP : Roope Hintz, Cedric Paquette - PK : Roope Hintz
Extra Defensemen
Normal : Danny Biega, Gavin Bayreuther, John Marino - PP : Danny Biega - PK : Danny Biega, Gavin Bayreuther
Penalty Shots
Josh Jooris, Andy Andreoff, Vince Hinostroza, William Nylander, Roope Hintz
Scratches
Brett Pollock (Healthy), Denis Malgin (Healthy), Josh Ho-Sang (Healthy), Juuso Ikonen (Healthy), Matthew Finn (Healthy)
Max Gortz (Healthy), Raphael Bussieres (Healthy), Sam Kurker (Healthy), Steven Spinner (Healthy), German Rubtsov (Healthy)
% Time on Ice - Heat
Lines # - Real PCT - Wanted PCT - Time Play
Normal Forward
1 - 37% - 40% - 16:07
2 - 25% - 30% - 11:01
3 - 25% - 20% - 10:50
4 - 14% - 10% - 6:09
Normal Defense
1 - 39% - 40% - 17:18
2 - 31% - 30% - 13:35
3 - 26% - 20% - 11:25
4 - 4% - 10% - 1:49
PP Forward
1 - 60% - 60% - 6:11
2 - 40% - 40% - 4:10
PP Defense
1 - 62% - 60% - 6:26
2 - 38% - 40% - 3:55
PK Forward
1 - 77% - 60% - 2:18
2 - 23% - 40% - 0:41
PK Defense
1 - 72% - 60% - 2:09
2 - 28% - 40% - 0:50
PK3 Forward
1 - 0% - 60%
2 - 0% - 40%
PK3 Defense
1 - 0% - 60%
2 - 0% - 40%
44 Forward
1 - 87% - 60% - 2:13
2 - 13% - 40% - 0:20
44 Defense
1 - 69% - 60% - 1:45
2 - 31% - 40% - 0:48
Last Minute Offensive - 0:00
Last Minute Defensive - 0:00
Total
Forward - 60:00
Defense - 60:00
|
% Time on Ice - Penguins
Lines # - Real PCT - Wanted PCT - Time Play
Normal Forward
1 - 36% - 40% - 16:06
2 - 26% - 30% - 11:17
3 - 25% - 20% - 11:06
4 - 13% - 10% - 5:38
Normal Defense
1 - 43% - 40% - 18:54
2 - 32% - 30% - 13:54
3 - 21% - 20% - 9:23
4 - 4% - 10% - 1:56
PP Forward
1 - 57% - 60% - 1:42
2 - 43% - 40% - 1:17
PP Defense
1 - 43% - 60% - 1:17
2 - 57% - 40% - 1:42
PK Forward
1 - 83% - 60% - 7:11
2 - 17% - 40% - 1:28
PK Defense
1 - 64% - 60% - 5:32
2 - 36% - 40% - 3:07
PK3 Forward
1 - 60% - 60% - 1:01
2 - 40% - 40% - 0:41
PK3 Defense
1 - 100% - 60% - 1:42
2 - 0% - 40% - 0:00
44 Forward
1 - 100% - 60% - 2:33
2 - 0% - 40% - 0:00
44 Defense
1 - 80% - 60% - 2:02
2 - 20% - 40% - 0:31
Last Minute Offensive - 0:00
Last Minute Defensive - 0:00
Total
Forward - 60:00
Defense - 60:00
|
Play-by-Play
1st period
0:01 of 1st period - William Nylander wins face-off versus Philip Varone in neutral zone.
0:04 of 1st period - Philip Varone is hit by Josh Jooris.
0:25 of 1st period - Kevin Labanc is hit by Frederick Gaudreau and loses puck.
0:40 of 1st period - Danny Biega is hit by Kevin Labanc and loses puck.
0:47 of 1st period - Snap shot by Philip Varone.
0:47 of 1st period - Stopped by Anthony Stolarz with a rebound.
1:32 of 1st period - Snap shot by Matthew Nieto.
1:32 of 1st period - Shot Misses the Net.
1:34 of 1st period - Slapshot by Mathieu Brodeur.
1:34 of 1st period - Goal by Mathieu Brodeur - Heat : 1 - Penguins : 0.
1:35 of 1st period - Cedric Paquette wins face-off versus Victor Rask in neutral zone.
2:00 of 1st period - John Marino is hit by Barclay Goodrow and loses puck.
2:25 of 1st period - Snap shot by Jesper Bratt.
2:25 of 1st period - Shot Misses the Net.
2:27 of 1st period - Slapshot by Greg Pateryn.
2:27 of 1st period - Deflect By Eric Karlsson.
2:27 of 1st period - Shot Blocked by Christopher Tanev.
2:27 of 1st period - Puck is out of play.
2:28 of 1st period - Victor Rask wins face-off versus Cedric Paquette in Penguins zone.
2:29 of 1st period - Snap shot by Evgeny Svechnikov.
2:29 of 1st period - Goal by Evgeny Svechnikov - Heat : 2 - Penguins : 0.
2:30 of 1st period - Victor Rask wins face-off versus Roope Hintz in neutral zone.
2:33 of 1st period - Roope Hintz is hit by Trevor Carrick and loses puck.
3:02 of 1st period - Barclay Goodrow is hit by Cedric Paquette and loses puck.
5:11 of 1st period - Roope Hintz is hit by Matthew Nieto and loses puck.
5:24 of 1st period - Slapshot by Evgeny Svechnikov.
5:24 of 1st period - Shot Blocked by Andrew O'Brien.
5:27 of 1st period - Icing by Christopher Tanev.
5:28 of 1st period - Victor Rask wins face-off versus Cedric Paquette in Penguins zone.
5:29 of 1st period - Snap shot by Evgeny Svechnikov.
5:29 of 1st period - Shot Blocked by Christopher Tanev.
5:45 of 1st period - Wrist shot by Vince Hinostroza.
5:45 of 1st period - Shot Blocked by Jake DeBrusk.
5:47 of 1st period - Wrist shot by Vince Hinostroza.
5:47 of 1st period - Stopped by Nathan Lieuwen with a rebound.
5:53 of 1st period - Wrist shot by Andy Andreoff.
5:53 of 1st period - Stopped by Nathan Lieuwen with a rebound.
5:55 of 1st period - Snap shot by Christopher Tanev.
5:55 of 1st period - Shot Blocked by Evgeny Svechnikov.
5:57 of 1st period - Wrist shot by Andy Andreoff.
5:57 of 1st period - Deflect By Vince Hinostroza.
5:57 of 1st period - Penguins goal is going for a video replay.
5:57 of 1st period - The goal is refused. The puck has been directed, batted or thrown into the net by an attacking player other than with a stick..
5:58 of 1st period - Barclay Goodrow wins face-off versus Roope Hintz in Heat zone.
6:02 of 1st period - Off-side.
6:03 of 1st period - Roope Hintz wins face-off versus Ryan Spooner in neutral zone.
6:05 of 1st period - Off-side.
6:06 of 1st period - Roope Hintz wins face-off versus Peter Cehlarik in neutral zone.
7:00 of 1st period - Slapshot by Kyle Connor.
7:00 of 1st period - Stopped by Nathan Lieuwen without a rebound.
7:01 of 1st period - Victor Rask wins face-off versus Josh Jooris in Heat zone.
7:01 of 1st period - Victor Rask is hit by Roope Hintz.
7:29 of 1st period - Wrist shot by Vince Hinostroza.
7:29 of 1st period - Stopped by Nathan Lieuwen with a rebound.
7:47 of 1st period - Wrist shot by Kyle Connor.
7:47 of 1st period - Stopped by Nathan Lieuwen without a rebound.
7:48 of 1st period - Ryan Spooner wins face-off versus Iven Barbashev in Heat zone.
8:14 of 1st period - Snap shot by Kyle Connor.
8:14 of 1st period - Stopped by Nathan Lieuwen without a rebound.
8:15 of 1st period - Philip Varone wins face-off versus Roope Hintz in Heat zone.
8:55 of 1st period - Snap shot by Josh Jooris.
8:55 of 1st period - Stopped by Nathan Lieuwen with a rebound.
9:21 of 1st period - Wrist shot by Josh Jooris.
9:21 of 1st period - Shot Misses the Net.
9:23 of 1st period - Slapshot by John Marino.
9:23 of 1st period - Shot Misses the Net.
9:25 of 1st period - Slapshot by John Marino.
9:25 of 1st period - Shot Misses the Net.
9:27 of 1st period - Slapshot by John Marino.
9:27 of 1st period - Stopped by Nathan Lieuwen without a rebound.
9:28 of 1st period - Cedric Paquette wins face-off versus Victor Rask in Heat zone.
9:37 of 1st period - Wrist shot by Andy Andreoff.
9:37 of 1st period - Shot Blocked by Mathieu Brodeur.
9:43 of 1st period - Andy Andreoff is hit by Rasmus Andersson.
9:55 of 1st period - Danny Biega is hit by Rasmus Andersson and loses puck.
10:18 of 1st period - Christopher Tanev is hit by Dominik Masin and loses puck.
10:27 of 1st period - Frederick Gaudreau is hit by Rasmus Andersson and loses puck.
10:49 of 1st period - Snap shot by Ryan Spooner.
10:49 of 1st period - Stopped by Anthony Stolarz without a rebound.
10:50 of 1st period - Cedric Paquette wins face-off versus Victor Rask in Penguins zone.
11:19 of 1st period - Wrist shot by Eric Karlsson.
11:19 of 1st period - Stopped by Anthony Stolarz with a rebound.
11:21 of 1st period - Slapshot by Greg Pateryn.
11:21 of 1st period - Stopped by Anthony Stolarz with a rebound.
11:23 of 1st period - Slapshot by Dominik Masin.
11:23 of 1st period - Stopped by Anthony Stolarz with a rebound.
11:25 of 1st period - Wrist shot by Greg Pateryn.
11:25 of 1st period - Deflect By Danny Biega.
11:25 of 1st period - Stopped by Anthony Stolarz with a rebound.
12:57 of 1st period - Snap shot by Kevin Labanc.
12:57 of 1st period - Stopped by Anthony Stolarz with a rebound.
13:44 of 1st period - Wrist shot by Victor Rask.
13:44 of 1st period - Stopped by Anthony Stolarz with a rebound.
14:24 of 1st period - Slapshot by Eric Karlsson.
14:24 of 1st period - Stopped by Anthony Stolarz without a rebound.
14:25 of 1st period - Roope Hintz wins face-off versus Jesper Bratt in Penguins zone.
14:58 of 1st period - Off-side.
14:59 of 1st period - William Nylander wins face-off versus Philip Varone in neutral zone.
15:33 of 1st period - Wrist shot by Victor Rask.
15:33 of 1st period - Shot Misses the Net.
16:05 of 1st period - Slapshot by Greg Pateryn.
16:05 of 1st period - Shot Blocked by Andrew O'Brien.
16:15 of 1st period - Snap shot by Jesper Bratt.
16:15 of 1st period - Deflect By Eric Karlsson.
16:15 of 1st period - Shot Misses the Net.
16:15 of 1st period - Puck is out of play.
16:16 of 1st period - Philip Varone wins face-off versus Roope Hintz in Penguins zone.
16:43 of 1st period - Slapshot by Kyle Connor.
16:43 of 1st period - Goal by Kyle Connor - Heat : 2 - Penguins : 1.
16:44 of 1st period - Roope Hintz wins face-off versus Jake DeBrusk in neutral zone.
17:09 of 1st period - Mathieu Brodeur is hit by Andrew O'Brien and loses puck.
17:20 of 1st period - Snap shot by Kyle Connor.
17:20 of 1st period - Stopped by Nathan Lieuwen with a rebound.
17:28 of 1st period - Wrist shot by Victor Rask.
17:28 of 1st period - Stopped by Anthony Stolarz with a rebound.
17:34 of 1st period - Snap shot by Victor Rask.
17:34 of 1st period - Shot Blocked by Danny Biega.
17:40 of 1st period - Snap shot by Victor Rask.
17:40 of 1st period - Stopped by Anthony Stolarz without a rebound.
17:41 of 1st period - Philip Varone wins face-off versus Josh Jooris in Penguins zone.
17:42 of 1st period - Snap shot by Kevin Labanc.
17:42 of 1st period - Shot Misses the Net.
17:50 of 1st period - Snap shot by Josh Jooris.
17:50 of 1st period - Deflect By Roope Hintz.
17:50 of 1st period - Shot Misses the Net.
17:50 of 1st period - Puck is out of play.
17:51 of 1st period - Roope Hintz wins face-off versus Philip Varone in Heat zone.
17:58 of 1st period - Wrist shot by Josh Jooris.
17:58 of 1st period - Shot Misses the Net.
18:00 of 1st period - Slapshot by Christopher Tanev.
18:00 of 1st period - Stopped by Nathan Lieuwen without a rebound.
18:01 of 1st period - Philip Varone wins face-off versus Roope Hintz in Heat zone.
18:19 of 1st period - Minor Penalty to Roope Hintz for Hooking.
18:20 of 1st period - Victor Rask wins face-off versus Cedric Paquette in Penguins zone.
Goals for this period are 2 for Heat vs 1 for Penguins.
Shots for this period are 13 for Heat vs 12 for Penguins.
2nd period
0:01 of 2nd period - Matthew Nieto wins face-off versus Cedric Paquette in neutral zone.
0:19 of 2nd period - Penalty to Roope Hintz is over, Roope Hintz is back on ice.
0:32 of 2nd period - Wrist shot by Matthew Nieto.
0:32 of 2nd period - Goal by Matthew Nieto - Heat : 3 - Penguins : 1.
0:33 of 2nd period - Philip Varone wins face-off versus Roope Hintz in neutral zone.
1:12 of 2nd period - Off-side.
1:13 of 2nd period - Ryan Spooner wins face-off versus Cedric Paquette in neutral zone.
1:28 of 2nd period - Snap shot by Andy Andreoff.
1:28 of 2nd period - Stopped by Nathan Lieuwen with a rebound.
1:42 of 2nd period - Wrist shot by Frederick Gaudreau.
1:42 of 2nd period - Shot Misses the Net.
1:44 of 2nd period - Slapshot by Frederick Gaudreau.
1:44 of 2nd period - Shot Misses the Net.
1:46 of 2nd period - Slapshot by Iven Barbashev.
1:46 of 2nd period - Deflect By Kyle Connor.
1:46 of 2nd period - Shot Misses the Net.
1:46 of 2nd period - Puck is out of play.
1:47 of 2nd period - Philip Varone wins face-off versus Roope Hintz in Heat zone.
1:47 of 2nd period - Philip Varone is hit by Christopher Tanev.
1:52 of 2nd period - Rasmus Andersson is hit by Christopher Tanev and loses puck.
2:03 of 2nd period - Snap shot by William Nylander.
2:03 of 2nd period - Shot Misses the Net.
2:13 of 2nd period - Andy Andreoff is hit by Victor Rask and loses puck.
2:18 of 2nd period - Snap shot by Jake DeBrusk.
2:18 of 2nd period - Stopped by Anthony Stolarz without a rebound.
2:19 of 2nd period - Andy Andreoff wins face-off versus Victor Rask in Penguins zone.
2:50 of 2nd period - Dakota Mermis is hit by Philip Varone and loses puck.
3:09 of 2nd period - Snap shot by Kyle Connor.
3:09 of 2nd period - Shot Blocked by Peter Cehlarik.
3:11 of 2nd period - Snap shot by Iven Barbashev.
3:11 of 2nd period - Stopped by Nathan Lieuwen with a rebound.
3:13 of 2nd period - Wrist shot by Iven Barbashev.
3:13 of 2nd period - Stopped by Nathan Lieuwen without a rebound.
3:14 of 2nd period - Victor Rask wins face-off versus Cedric Paquette in Heat zone.
3:16 of 2nd period - Minor Penalty to Jake DeBrusk for High sticking.
3:17 of 2nd period - Philip Varone wins face-off versus Roope Hintz in Heat zone.
3:23 of 2nd period - Backhand shot by Philip Varone.
3:23 of 2nd period - Shot Misses the Net.
3:25 of 2nd period - Minor Penalty to William Nylander for Hooking.
3:26 of 2nd period - Matthew Nieto wins face-off versus Roope Hintz in Penguins zone.
3:29 of 2nd period - Slapshot by Victor Rask.
3:29 of 2nd period - Shot Misses the Net.
3:31 of 2nd period - Backhand shot by Rasmus Andersson.
3:31 of 2nd period - Shot Misses the Net.
3:33 of 2nd period - Slapshot by Mathieu Brodeur.
3:33 of 2nd period - Shot Misses the Net.
3:35 of 2nd period - Slapshot by Mathieu Brodeur.
3:35 of 2nd period - Deflect By Matthew Nieto.
3:35 of 2nd period - Shot Blocked by Andrew O'Brien.
3:35 of 2nd period - Puck is out of play.
3:36 of 2nd period - Victor Rask wins face-off versus Roope Hintz in Penguins zone.
4:15 of 2nd period - Snap shot by Roope Hintz.
4:15 of 2nd period - Stopped by Nathan Lieuwen with a rebound.
4:30 of 2nd period - Slapshot by Andrew O'Brien.
4:30 of 2nd period - Shot Misses the Net.
4:42 of 2nd period - Snap shot by Victor Rask.
4:42 of 2nd period - Stopped by Anthony Stolarz with a rebound.
4:44 of 2nd period - Slapshot by Rasmus Andersson.
4:44 of 2nd period - Stopped by Anthony Stolarz without a rebound.
4:45 of 2nd period - Frederick Gaudreau wins face-off versus Philip Varone in Penguins zone.
5:16 of 2nd period - Penalty to Jake DeBrusk is over, Jake DeBrusk is back on ice.
5:25 of 2nd period - Penalty to William Nylander is over, William Nylander is back on ice.
5:31 of 2nd period - Icing by Dakota Mermis.
5:32 of 2nd period - Ryan Spooner wins face-off versus Adam Brooks in Penguins zone.
5:55 of 2nd period - Trevor Carrick is hit by Frederick Gaudreau and loses puck.
6:12 of 2nd period - Snap shot by Kyle Connor.
6:12 of 2nd period - Stopped by Nathan Lieuwen without a rebound.
6:13 of 2nd period - Vince Hinostroza wins face-off versus Philip Varone in Heat zone.
6:29 of 2nd period - Minor Penalty to Cedric Paquette for Holding.
6:30 of 2nd period - Andy Andreoff wins face-off versus Victor Rask in Penguins zone.
6:39 of 2nd period - Wrist shot by Andy Andreoff.
6:39 of 2nd period - Shot Misses the Net.
6:46 of 2nd period - Minor Penalty to Andrew O'Brien for Hooking.
6:47 of 2nd period - Kevin Labanc wins face-off versus Roope Hintz in Penguins zone.
7:33 of 2nd period - Victor Rask is hit by Danny Biega and loses puck.
8:29 of 2nd period - Penalty to Cedric Paquette is over, Cedric Paquette is back on ice.
8:46 of 2nd period - Penalty to Andrew O'Brien is over, Andrew O'Brien is back on ice.
8:50 of 2nd period - Wrist shot by Dakota Mermis.
8:50 of 2nd period - Deflect By Andrew O'Brien.
8:50 of 2nd period - Shot Misses the Net.
8:50 of 2nd period - Puck is out of play.
8:51 of 2nd period - Ryan Spooner wins face-off versus Cedric Paquette in Heat zone.
8:58 of 2nd period - Snap shot by Ryan Spooner.
8:58 of 2nd period - Shot Blocked by Andy Andreoff.
9:18 of 2nd period - Nico Sturm is hit by Andrew O'Brien and loses puck.
9:35 of 2nd period - Snap shot by Christopher Tanev.
9:35 of 2nd period - Goal by Christopher Tanev - Heat : 3 - Penguins : 2.
9:36 of 2nd period - Roope Hintz wins face-off versus Kevin Labanc in neutral zone.
9:45 of 2nd period - Slapshot by Roope Hintz.
9:45 of 2nd period - Stopped by Nathan Lieuwen without a rebound.
9:46 of 2nd period - Philip Varone wins face-off versus Roope Hintz in Heat zone.
9:59 of 2nd period - Wrist shot by Kevin Labanc.
9:59 of 2nd period - Shot Blocked by Dakota Mermis.
10:01 of 2nd period - Snap shot by Matthew Nieto.
10:01 of 2nd period - Shot Blocked by William Nylander.
10:03 of 2nd period - Backhand shot by Matthew Nieto.
10:03 of 2nd period - Stopped by Anthony Stolarz without a rebound.
10:04 of 2nd period - Cedric Paquette wins face-off versus Victor Rask in Penguins zone.
11:01 of 2nd period - Slapshot by Eric Karlsson.
11:01 of 2nd period - Stopped by Anthony Stolarz with a rebound.
11:21 of 2nd period - Wrist shot by Anthony Beauvillier.
11:21 of 2nd period - Shot Misses the Net.
11:23 of 2nd period - Snap shot by Curtis Hamilton.
11:23 of 2nd period - Goal by Curtis Hamilton - Heat : 3 - Penguins : 3.
11:24 of 2nd period - Roope Hintz wins face-off versus Philip Varone in neutral zone.
11:27 of 2nd period - Philip Varone is hit by Josh Jooris.
11:38 of 2nd period - Minor Penalty to Gavin Bayreuther for Holding.
11:39 of 2nd period - Andy Andreoff wins face-off versus Victor Rask in Penguins zone.
11:45 of 2nd period - Kevin Labanc is hit by Andy Andreoff and loses puck.
13:38 of 2nd period - Penalty to Gavin Bayreuther is over, Gavin Bayreuther is back on ice.
13:43 of 2nd period - Matthew Nieto is hit by Adam Brooks and loses puck.
14:04 of 2nd period - Wrist shot by Frederick Gaudreau.
14:04 of 2nd period - Shot Blocked by Barclay Goodrow.
14:07 of 2nd period - Icing by Trevor Carrick.
14:08 of 2nd period - Ryan Spooner wins face-off versus Iven Barbashev in Heat zone.
14:17 of 2nd period - Wrist shot by Ryan Spooner.
14:17 of 2nd period - Stopped by Anthony Stolarz with a rebound.
14:19 of 2nd period - Snap shot by Ryan Spooner.
14:19 of 2nd period - Stopped by Anthony Stolarz with a rebound.
14:25 of 2nd period - Frederick Gaudreau is hit by Ryan Spooner.
15:39 of 2nd period - Wrist shot by Ryan Spooner.
15:39 of 2nd period - Shot Misses the Net.
15:41 of 2nd period - Snap shot by Trevor Carrick.
15:41 of 2nd period - Stopped by Anthony Stolarz without a rebound.
15:42 of 2nd period - Philip Varone wins face-off versus Roope Hintz in Penguins zone.
15:48 of 2nd period - Minor Penalty to Roope Hintz for Goalie Interference.
15:49 of 2nd period - Cedric Paquette wins face-off versus Kevin Labanc in Penguins zone.
15:49 of 2nd period - Cedric Paquette is hit by Rasmus Andersson.
17:08 of 2nd period - Adam Brooks is hit by Evgeny Svechnikov and loses puck.
17:48 of 2nd period - Penalty to Roope Hintz is over, Roope Hintz is back on ice.
17:55 of 2nd period - Snap shot by William Nylander.
17:55 of 2nd period - Shot Misses the Net.
17:57 of 2nd period - Backhand shot by Josh Jooris.
17:57 of 2nd period - Goal by Josh Jooris - Heat : 3 - Penguins : 4.
17:58 of 2nd period - Philip Varone wins face-off versus Roope Hintz in neutral zone.
18:05 of 2nd period - Wrist shot by Matthew Nieto.
18:05 of 2nd period - Stopped by Anthony Stolarz without a rebound.
18:06 of 2nd period - Philip Varone wins face-off versus Roope Hintz in Penguins zone.
18:09 of 2nd period - Wrist shot by Matthew Nieto.
18:09 of 2nd period - Stopped by Anthony Stolarz with a rebound.
18:11 of 2nd period - Slapshot by Dominik Masin.
18:11 of 2nd period - Shot Blocked by Andrew O'Brien.
18:13 of 2nd period - Slapshot by Dominik Masin.
18:13 of 2nd period - Stopped by Anthony Stolarz with a rebound.
18:15 of 2nd period - Wrist shot by Kevin Labanc.
18:15 of 2nd period - Shot Misses the Net.
18:19 of 2nd period - Wrist shot by Kevin Labanc.
18:19 of 2nd period - Shot Misses the Net.
18:38 of 2nd period - Minor Penalty to Cedric Paquette for Hooking.
18:39 of 2nd period - Victor Rask wins face-off versus Roope Hintz in Penguins zone.
19:05 of 2nd period - Rasmus Andersson is hit by Roope Hintz and loses puck.
19:47 of 2nd period - Evgeny Svechnikov is hit by Dakota Mermis and loses puck.
Goals for this period are 1 for Heat vs 3 for Penguins.
Shots for this period are 12 for Heat vs 9 for Penguins.
3rd period
0:01 of 3rd period - Roope Hintz wins face-off versus Victor Rask in neutral zone.
0:05 of 3rd period - Icing by Victor Rask.
0:06 of 3rd period - Kevin Labanc wins face-off versus Roope Hintz in Heat zone.
0:06 of 3rd period - Kevin Labanc is hit by Andy Andreoff.
0:38 of 3rd period - Penalty to Cedric Paquette is over, Cedric Paquette is back on ice.
1:23 of 3rd period - Minor Penalty to Jesper Bratt for Hooking.
1:24 of 3rd period - Roope Hintz wins face-off versus Philip Varone in Heat zone.
1:24 of 3rd period - Slapshot by Josh Jooris.
1:24 of 3rd period - Stopped by Nathan Lieuwen without a rebound.
1:25 of 3rd period - Philip Varone wins face-off versus Roope Hintz in Heat zone.
2:10 of 3rd period - Slapshot by Greg Pateryn.
2:10 of 3rd period - Shot Misses the Net.
3:23 of 3rd period - Penalty to Jesper Bratt is over, Jesper Bratt is back on ice.
3:47 of 3rd period - Slapshot by Curtis Hamilton.
3:47 of 3rd period - Stopped by Nathan Lieuwen without a rebound.
3:48 of 3rd period - Philip Varone wins face-off versus Adam Brooks in Heat zone.
4:13 of 3rd period - Slapshot by Jake DeBrusk.
4:13 of 3rd period - Deflect By Victor Rask.
4:13 of 3rd period - Stopped by Anthony Stolarz with a rebound.
4:15 of 3rd period - Snap shot by Evgeny Svechnikov.
4:15 of 3rd period - Stopped by Anthony Stolarz without a rebound.
4:16 of 3rd period - Ryan Spooner wins face-off versus Roope Hintz in Penguins zone.
4:55 of 3rd period - Slapshot by Vince Hinostroza.
4:55 of 3rd period - Shot Blocked by Evgeny Svechnikov.
5:15 of 3rd period - Snap shot by Kevin Labanc.
5:15 of 3rd period - Shot Misses the Net.
5:17 of 3rd period - Slapshot by Matthew Nieto.
5:17 of 3rd period - Stopped by Anthony Stolarz without a rebound.
5:18 of 3rd period - Roope Hintz wins face-off versus Philip Varone in Penguins zone.
6:24 of 3rd period - Icing by Greg Pateryn.
6:25 of 3rd period - Roope Hintz wins face-off versus Philip Varone in Heat zone.
6:26 of 3rd period - Snap shot by Josh Jooris.
6:26 of 3rd period - Goal by Josh Jooris - Heat : 3 - Penguins : 5.
6:26 of 3rd period - Vitek Vanecek enters game.
6:27 of 3rd period - Philip Varone wins face-off versus Josh Jooris in neutral zone.
6:54 of 3rd period - Christopher Tanev is hit by Jake DeBrusk and loses puck.
7:24 of 3rd period - Slapshot by Andrew O'Brien.
7:24 of 3rd period - Shot Blocked by Greg Pateryn.
7:26 of 3rd period - Wrist shot by Kyle Connor.
7:26 of 3rd period - Stopped by Vitek Vanecek without a rebound.
7:27 of 3rd period - Philip Varone wins face-off versus Roope Hintz in Heat zone.
7:34 of 3rd period - Slapshot by Matthew Nieto.
7:34 of 3rd period - Shot Misses the Net.
7:36 of 3rd period - Backhand shot by Rasmus Andersson.
7:36 of 3rd period - Goal by Rasmus Andersson - Heat : 4 - Penguins : 5.
7:37 of 3rd period - Philip Varone wins face-off versus Roope Hintz in neutral zone.
7:44 of 3rd period - Snap shot by Kevin Labanc.
7:44 of 3rd period - Goal by Kevin Labanc - Heat : 5 - Penguins : 5.
7:45 of 3rd period - Roope Hintz wins face-off versus Matthew Nieto in neutral zone.
7:52 of 3rd period - Slapshot by Roope Hintz.
7:52 of 3rd period - Stopped by Vitek Vanecek without a rebound.
7:53 of 3rd period - William Nylander wins face-off versus Philip Varone in Heat zone.
9:29 of 3rd period - Slapshot by Roope Hintz.
9:29 of 3rd period - Stopped by Vitek Vanecek with a rebound.
10:25 of 3rd period - Adam Brooks is hit by John Gilmour and loses puck.
10:44 of 3rd period - Roope Hintz is hit by Rasmus Andersson and loses puck.
10:51 of 3rd period - Snap shot by Victor Rask.
10:51 of 3rd period - Goal by Victor Rask - Heat : 6 - Penguins : 5.
10:52 of 3rd period - Philip Varone wins face-off versus Roope Hintz in neutral zone.
10:57 of 3rd period - Roope Hintz is hit by Kevin Labanc and loses puck.
11:18 of 3rd period - Mathieu Brodeur is hit by Cedric Paquette and loses puck.
11:25 of 3rd period - Snap shot by Andy Andreoff.
11:25 of 3rd period - Stopped by Vitek Vanecek with a rebound.
11:27 of 3rd period - Snap shot by Cedric Paquette.
11:27 of 3rd period - Stopped by Vitek Vanecek without a rebound.
11:28 of 3rd period - Roope Hintz wins face-off versus Philip Varone in Heat zone.
11:41 of 3rd period - Snap shot by William Nylander.
11:41 of 3rd period - Shot Misses the Net.
11:43 of 3rd period - Slapshot by John Marino.
11:43 of 3rd period - Deflect By Josh Jooris.
11:43 of 3rd period - Shot Misses the Net.
11:43 of 3rd period - Puck is out of play.
11:44 of 3rd period - Victor Rask wins face-off versus Vince Hinostroza in Heat zone.
12:37 of 3rd period - Roope Hintz is hit by John Gilmour and loses puck.
12:56 of 3rd period - Snap shot by Jake DeBrusk.
12:56 of 3rd period - Shot Misses the Net.
12:58 of 3rd period - Slapshot by Dominik Masin.
12:58 of 3rd period - Deflect By Victor Rask.
12:58 of 3rd period - Goal by Victor Rask - Heat : 7 - Penguins : 5.
12:59 of 3rd period - Philip Varone wins face-off versus Roope Hintz in neutral zone.
13:06 of 3rd period - Philip Varone is hit by Roope Hintz.
13:07 of 3rd period - Icing by Philip Varone.
13:08 of 3rd period - William Nylander wins face-off versus Philip Varone in Heat zone.
13:09 of 3rd period - Snap shot by Josh Jooris.
13:09 of 3rd period - Shot Misses the Net.
13:11 of 3rd period - Wrist shot by Roope Hintz.
13:11 of 3rd period - Goal by Roope Hintz - Heat : 7 - Penguins : 6.
13:12 of 3rd period - Roope Hintz wins face-off versus Philip Varone in neutral zone.
13:37 of 3rd period - Icing by Andrew O'Brien.
13:38 of 3rd period - Cedric Paquette wins face-off versus Victor Rask in Penguins zone.
13:38 of 3rd period - Cedric Paquette is hit by Victor Rask.
14:12 of 3rd period - Slapshot by Kevin Labanc.
14:12 of 3rd period - Shot Misses the Net.
15:14 of 3rd period - Snap shot by Jake DeBrusk.
15:14 of 3rd period - Shot Blocked by Christopher Tanev.
15:18 of 3rd period - Wrist shot by Victor Rask.
15:18 of 3rd period - Shot Misses the Net.
15:20 of 3rd period - Wrist shot by Evgeny Svechnikov.
15:20 of 3rd period - Stopped by Anthony Stolarz with a rebound.
16:09 of 3rd period - Danny Biega is hit by Nico Sturm.
16:13 of 3rd period - Curtis Hamilton is hit by Greg Pateryn.
16:48 of 3rd period - Roope Hintz is hit by Greg Pateryn.
16:52 of 3rd period - Greg Pateryn is hit by Josh Jooris.
16:56 of 3rd period - Wrist shot by Josh Jooris.
16:56 of 3rd period - Stopped by Vitek Vanecek without a rebound.
16:57 of 3rd period - Frederick Gaudreau wins face-off versus Ryan Spooner in Heat zone.
17:04 of 3rd period - Slapshot by Gavin Bayreuther.
17:04 of 3rd period - Shot Misses the Net.
17:12 of 3rd period - Wrist shot by Peter Cehlarik.
17:12 of 3rd period - Deflect By Barclay Goodrow.
17:12 of 3rd period - Stopped by Anthony Stolarz with a rebound.
17:46 of 3rd period - Slapshot by Cedric Paquette.
17:46 of 3rd period - Stopped by Vitek Vanecek without a rebound.
17:47 of 3rd period - Cedric Paquette wins face-off versus Nico Sturm in Heat zone.
18:25 of 3rd period - Minor Penalty to Peter Cehlarik for High sticking.
18:26 of 3rd period - Roope Hintz wins face-off versus Philip Varone in Heat zone.
19:01 of 3rd period - Penguins, Anthony Stolarz is pulled from the net.
19:16 of 3rd period - Minor Penalty to Josh Jooris for Roughing.
19:17 of 3rd period - Anthony Stolarz from Penguins was sent back in the game.
19:17 of 3rd period - Victor Rask wins face-off versus Roope Hintz in Penguins zone.
19:22 of 3rd period - Snap shot by Victor Rask.
19:22 of 3rd period - Shot Misses the Net.
19:31 of 3rd period - Snap shot by Victor Rask.
19:31 of 3rd period - Shot Misses the Net.
19:33 of 3rd period - Wrist shot by Matthew Nieto.
19:33 of 3rd period - Stopped by Anthony Stolarz without a rebound.
19:34 of 3rd period - Alex Kovalev call a timeout for Penguins.
19:34 of 3rd period - Victor Rask wins face-off versus Roope Hintz in Penguins zone.
19:35 of 3rd period - Snap shot by Matthew Nieto.
19:35 of 3rd period - Shot Misses the Net.
19:39 of 3rd period - Snap shot by Victor Rask.
19:39 of 3rd period - Shot Misses the Net.
19:45 of 3rd period - Penguins, Anthony Stolarz is pulled from the net.
19:45 of 3rd period - Snap shot by Roope Hintz.
19:45 of 3rd period - Stopped by Vitek Vanecek with a rebound.
19:49 of 3rd period - Snap shot by Roope Hintz.
19:49 of 3rd period - Shot Misses the Net.
Goals for this period are 4 for Heat vs 2 for Penguins.
Shots for this period are 10 for Heat vs 12 for Penguins.